 Dungeon Crawl Stone Soup version 0.28-a0-312-gbced6e68ee (webtiles) character file.

Game seed: 940310411892340430

44200 Spaninq the Arsonist (level 13, -9/102 HPs)
             Began as a Yellow Draconian Fire Elementalist on Aug 30, 2021.
             Was an Elder of Vehumet.
             Mangled by a boulder beetle (22 damage)
             ... on level 12 of the Dungeon.
             The game lasted 01:25:08 (27065 turns).

Spaninq the Arsonist (DrFE)                        Turns: 27065, Time: 01:25:09

Health: -9/102     AC: 13    Str: 17    XL:     13   Next: 95%
Magic:  30/36      EV: 13    Int: 21    God:    Vehumet [****..]
Gold:   824        SH:  6    Dex:  9    Spells: 13/32 levels left

rFire   + . .      SeeInvis .   B - staff of conjuration
rCold   x . .      Faith    .   F - +2 buckler
rNeg    . . .      Spirit   .   (armour unavailable)
rPois   .          Reflect  .   j - +1 hat
rElec   .          Harm     .   H - +0 cloak
rCorr   +          Rampage  .   v - +1 pair of gloves
Will    .....                   u - +0 pair of boots of Riciryd {+Blink Str+6 Dex-2}
Stlth   ++........              (no amulet)
HPRegen 0.27/turn               E - ring of magical power
MPRegen 0.25/turn               r - ring of fire

@: no status effects
A: spit acid, AC +8, unfitting armour, cold-blooded, acid resistance
a: Breathe Acid, Renounce Religion, Evoke Blink


You were on level 12 of the Dungeon.
You worshipped Vehumet.
Vehumet was greatly pleased with you.
You visited 4 branches of the dungeon, and saw 21 of its levels.
You also visited: Ice Cave.

You collected 1662 gold pieces.
You spent 838 gold pieces at shops.

Inventory:

Hand Weapons
 f - a +1 hand axe
 g - a +5 morningstar
Missiles
 b - 380 stones
 y - 3 throwing nets
Armour
 j - a +1 hat (worn)
 u - the +0 pair of boots of Riciryd (worn) {+Blink Str+6 Dex-2}
   (You bought it in a shop on level 6 of the Dungeon)

   Str:       It affects your strength (+6).
   Dex:       It affects your dexterity (-2).
   +Blink:    It lets you blink.
 v - a +1 pair of gloves (worn)
 F - a +2 buckler (worn)
 H - a +0 cloak (worn)
Magical Staves
 B - a staff of conjuration (weapon)
Jewellery
 p - a ring of ice
 r - a ring of fire (right hand)
 z - a ring of see invisible
 E - a ring of magical power (left hand)
 R - an amulet of faith
Wands
 o - a wand of iceblast (39)
 s - a wand of acid (7)
 w - a wand of charming (1)
 x - a wand of paralysis (6)
 G - a wand of flame (16)
 Q - a wand of polymorph (7)
 S - a wand of mindburst (7)
Scrolls
 a - 2 scrolls of immolation
 d - 10 scrolls of teleportation
 l - a scroll of holy word
 C - 2 scrolls of magic mapping
 D - a scroll of enchant weapon
 I - 5 scrolls of identify
 J - a scroll of silence
 K - a scroll of blinking
 L - 3 scrolls of amnesia
 N - a scroll of fear
 P - a scroll of summoning
 T - 2 scrolls of enchant armour {unknown}
Potions
 c - a potion of might
 e - 7 potions of haste
 h - 2 potions of mutation
 i - 2 potions of ambrosia
 k - 2 potions of magic
 m - 4 potions of brilliance
 n - 4 potions of curing
 q - 5 potions of heal wounds
 t - 4 potions of flight
 M - a potion of lignification
Miscellaneous
 A - a lightning rod (4/4)
 O - a phantom mirror


   Skills:
 + Level 5.8 Fighting
 + Level 5.2 Dodging
 - Level 1.7 Stealth
 + Level 4.6 Shields
 + Level 10.0 Spellcasting
 + Level 11.7 Conjurations
 + Level 12.1 Fire Magic
 + Level 11.6 Earth Magic


You had 13 spell levels left.
You knew the following spells:

 Your Spells              Type           Power      Damage    Failure   Level
a - Foxfire               Conj/Fire      100%       2x1d9     1%          1
b - Sticky Flame          Conj/Fire      94%        2d10      1%          4
c - Fireball              Conj/Fire      47%        3d19      1%          5
d - Sandblast             Erth           100%       2d20      1%          1
e - Stone Arrow           Conj/Erth      100%       3d13      1%          3
f - Lee's Rapid Deconstr  Erth           28%        3d16*     1%          5

Your spell library contained the following spells:

 Spells                   Type           Power      Damage    Failure   Level
 Hailstorm                Conj/Ice       51%        3d11      1%          4
 Conjure Flame            Conj/Fire      94%        6-21      1%          3
 Inner Flame              Hex/Fire       52%        N/A       1%          3
 Frozen Ramparts          Ice            20%        1d4       5%          3
 Apportation              Tloc           20%        N/A       6%          1
 Corona                   Hex            11%        N/A       6%          1
 Corpse Rot               Necr/Air       N/A        N/A       10%         2
 Ensorcelled Hibernation  Hex/Ice        20%        N/A       10%         2
 Slow                     Hex            10%        N/A       10%         2
 Confusing Touch          Hex            10%        N/A       19%         3
 Gell's Gravitas          Tloc           5%         N/A       19%         3
 Ozocubu's Armour         Ice            10%        N/A       19%         3
 Portal Projectile        Hex/Tloc       20%        N/A       19%         3
 Teleport Other           Tloc           10%        N/A       19%         3
 Tukima's Dance           Hex            10%        N/A       19%         3
 Vampiric Draining        Necr           5%         2d6       19%         3
 Dispel Undead            Necr           10%        3d9       54%         4
 Ice Form                 Ice/Tmut       10%        N/A       54%         4
 Summon Ice Beast         Ice/Summ       10%        N/A       54%         4
 Alistair's Intoxication  Tmut/Pois      6%         N/A       87%         5
 Blade Hands              Tmut           5%         N/A       87%         5
 Excruciating Wounds      Necr           5%         N/A       87%         5
 Summon Forest            Summ/Tloc      5%         N/A       87%         5
 Eringya's Noxious Bog    Tmut/Pois      5%         N/A       90%         6
 Death Channel            Necr           5%         N/A       100%        6
 Dispersal                Tloc           5%         N/A       100%        6
 Invisibility             Hex            5%         N/A       100%        6
 Ozocubu's Refrigeration  Ice            5%         4d6       100%        7
 Summon Hydra             Summ           5%         N/A       100%        7


Dungeon Overview and Level Annotations

Branches:
Dungeon (12/15)            Temple (1/1) D:5            Lair (6/6) D:10
  Swamp (0/4) Lair:4        Snake (0/4) Lair:3        Slime (0/5) Lair:5
    Orc (2/2) D:9           IceCv (visited)
    Elf: Orc:2

Altars:
Ashenzari
Cheibriados
Dithmenos
Elyvilon
Fedhas
Gozag
Hepliaklqana
Kikubaaqudgha
Makhleb
Nemelex Xobeh
Okawaru
Qazlal
Ru
Sif Muna
Trog
Uskayaw
Vehumet
Wu Jian
Xom
Yredelemnul
Zin
The Shining One
Beogh
Jiyva

Shops:
D:2 *   D:6 [   D:10 [   D:11 ?   Orc:2 =

Annotations:
Lair:5 1 runed translucent door


Innate Abilities, Weirdness & Mutations

You can spit globs of acid.
Your golden yellow scales are hard. (AC +8)
You cannot fit into any form of body armour.
You are cold-blooded and may be slowed by cold attacks.
You are resistant to acid. (rCorr)


Message History

You now have 824 gold pieces (gained 16).
You open the door.
There is an open door here.
A boulder beetle comes into view.
The boulder beetle leaps!
The boulder beetle curls into a ball and begins rolling!
The boulder beetle hits you!!
The boulder beetle stops rolling and uncurls.
Casting: Lee's Rapid Deconstruction (mildly dangerous; 1% risk of failure)
Confirm with . or Enter, or press ? or * to list all spells.
Aiming: Sticky Flame (safe; 1% risk of failure)
Press: ? - help, Shift-Dir - straight line, f - boulder beetle
Aim: a boulder beetle (100% to hit)
You feel a strong surge of power!
The sticky flame hits the boulder beetle.
The boulder beetle is lightly wounded.
The boulder beetle is covered in liquid flames!
The boulder beetle burns!
The boulder beetle bites you!
The boulder beetle burns!
The boulder beetle leaps!
The boulder beetle burns!
The boulder beetle curls into a ball and begins rolling!
The boulder beetle burns!
The boulder beetle burns!
The boulder beetle stops burning.
The boulder beetle hits you!!!
Ouch! That really hurt!
* * * LOW HITPOINT WARNING * * *
The boulder beetle stops rolling and uncurls.
Casting: Sticky Flame (safe; 1% risk of failure)
Confirm with . or Enter, or press ? or * to list all spells.
Aiming: Sticky Flame (safe; 1% risk of failure)
Press: ? - help, Shift-Dir - straight line, f/p - boulder beetle
Aim: a boulder beetle (moderately wounded, 100% to hit)
You feel a strong surge of power!
The sticky flame hits the boulder beetle but does no damage.
The boulder beetle is moderately wounded.
The boulder beetle is covered in liquid flames!
The boulder beetle burns!
The boulder beetle waves its antennae.
The boulder beetle bites you!!
You die...

......############..#
.####.#.......)..#..#
.#..###..........#..#
.#...............#..#
.#...............#..#
.####............#°.##
....#............#°..#
....#...#######'##°..#
....#''##.......@B...#
.....................#
.....................#
.....................#
####+###....#######..#
#....# #..# ###..#
#..# #..# #..# #..#
#..#


You could see a boulder beetle (burning).

Vanquished Creatures
  A dire elephant (Lair:4)
  A boulder beetle (D:12)
  3 hydras
  6 two-headed ogres
  An orc knight (Orc:1)
  A manticore (D:10)
  A cyclops (Orc:1)
  11 elephants
  3 ice statues (IceCv)
  An ugly thing (IceCv)
  A guardian serpent (D:11)
  A black mamba (Lair:3)
  7 cane toads
  2 rime drakes (Lair:3)
  A kobold demonologist (D:9)
  9 komodo dragons
  A freezing wraith (IceCv)
  3 hornets
  Grinder (D:4)
  13 blink frogs
  A tyrant leech (Lair:4)
  9 dream sheep
  A wraith (D:11)
  2 dire elephant simulacra (IceCv)
  A vampire (D:9)
  47 yaks
  10 spriggans
  6 wyverns
  2 basilisks
  A steam dragon (D:7)
  A death yak simulacrum (IceCv)
  Edmund (D:4)
  2 wargs (Orc:1)
  7 nagas (Lair:3)
  2 swamp worms (Lair:4)
  15 water moccasins
  6 orc warriors
  An ice beast (D:6)
  3 black bears (D:10)
  A sky beast (D:8)
  3 ogres
  3 boggarts (Lair:6)
  A necrophage (D:4)
  7 wolves
  5 centaurs
  6 kobold brigands
  10 bullfrogs
  A gnoll sergeant (D:9)
  4 scorpions
  A two-headed ogre simulacrum (D:11)
  8 wights
  An elephant simulacrum (IceCv)
  4 killer bees (D:9)
  A water moccasin skeleton (D:4)
  3 howler monkeys
  4 bullfrog zombies
  4 centaur zombies
  A jelly (D:4)
  3 hounds
  4 orc priests
  Ijyb (D:3)
  6 iguanas
  8 orc wizards
  A spriggan simulacrum (D:11)
  2 polar bear simulacra (IceCv)
  A wolf simulacrum (IceCv)
  A hound zombie (D:5)
  8 gnolls
  10 adders
  A naga simulacrum (D:11)
  A shadow imp (D:5)
  A white imp (D:5)
  An ufetubus (D:5)
  An adder skeleton (D:4)
  2 worms
  2 dart slugs
  27 orcs
  7 ball pythons
  3 bats
  6 endoplasms
  3 giant cockroaches
  11 goblins
  10 hobgoblins
  7 jackals
  14 kobolds
  2 quokkas (D:1)
  6 frilled lizards
  3 rats
407 creatures vanquished.

Vanquished Creatures (others)
  726 foxfires
  156 fungi
  184 plants
1066 creatures vanquished.

Grand Total: 1473 creatures vanquished

Notes
Turn   | Place    | Note
-------+----------+-------------------------------------------
     0 | D:1      | Spaninq the Draconian Fire Elementalist began the quest for
                  | the Orb.
     0 | D:1      | Reached XP level 1. HP: 14/14 MP: 3/3
   159 | D:1      | Reached XP level 2. HP: 20/20 MP: 0/5
   903 | D:1      | Reached XP level 3. HP: 26/26 MP: 3/6
  1622 | D:2      | Found a faded altar of an unknown god.
  2012 | D:2      | Reached XP level 4. HP: 33/33 MP: 1/7
  2129 | D:2      | Found Saizem's General Store.
  2202 | D:2      | Bought a scroll of teleportation for 39 gold pieces
  2644 | D:3      | Reached skill level 4 in Fire Magic
  3000 | D:3      | Reached XP level 5. HP: 38/38 MP: 5/9
  3196 | D:3      | Noticed Ijyb
  3213 | D:3      | Killed Ijyb
  3882 | D:3      | Reached XP level 6. HP: 45/45 MP: 5/10
  4087 | D:3      | Reached skill level 5 in Fire Magic
  4677 | D:2      | Bought a potion of heal wounds for 65 gold pieces
  4772 | D:4      | Found a bloodstained altar of Trog.
  4885 | D:4      | Noticed Grinder
  5083 | D:4      | Your scales start taking on a golden yellow colour.
  5083 | D:4      | Reached XP level 7. HP: 43/50 MP: 8/12
  5083 | D:4      | Gained mutation: You are resistant to acid. (rCorr) [Yellow
                  | Draconian growth]
  5244 | D:4      | Killed Grinder
  5245 | D:4      | Reached skill level 5 in Conjurations
  5245 | D:4      | Reached skill level 6 in Fire Magic
  5340 | D:4      | Noticed Edmund
  5379 | D:4      | Killed Edmund
  5524 | D:5      | Entered Level 5 of the Dungeon
  5725 | D:5      | Reached XP level 8. HP: 28/57 MP: 10/14
  6035 | D:5      | Learned a level 4 spell: Sticky Flame
  6059 | D:5      | Reached skill level 7 in Fire Magic
  6137 | D:5      | Found a staircase to the Ecumenical Temple.
  6167 | Temple   | Entered the Ecumenical Temple
  6433 | Temple   | Became a worshipper of Vehumet
  7059 | D:6      | Found Xeajad's Antique Armour Emporium.
  7811 | D:7      | Identified the +6 shortbow of Tefeck {vorpal, +Blink Will+
                  | Str+6 Dex+2 Stlth-}
  7825 | D:7      | Learned a level 5 spell: Fireball
  7842 | D:7      | Reached skill level 5 in Spellcasting
  7909 | D:7      | Reached skill level 8 in Fire Magic
  8022 | D:7      | Reached XP level 9. HP: 62/62 MP: 9/16
  8155 | D:7      | Reached * piety under Vehumet
  8155 | D:7      | Offered knowledge of Sandblast by Vehumet.
  8158 | D:7      | Learned a level 1 spell: Sandblast
  8277 | D:7      | Reached skill level 1 in Earth Magic
  9192 | D:8      | Noticed a two-headed ogre
  9389 | D:6      | Bought a pair of encrusted boots for 313 gold pieces
  9389 | D:6      | Identified the +0 pair of boots of Riciryd {+Blink Str+6
                  | Dex-2} (You bought it in a shop on level 6 of the Dungeon)
 10150 | D:8      | Noticed a komodo dragon
 10293 | D:8      | Killed a komodo dragon
 10945 | D:9      | Reached skill level 9 in Fire Magic
 11007 | D:9      | Found a staircase to the Orcish Mines.
 11083 | D:9      | Noticed a two-headed ogre
 11107 | D:9      | Killed a two-headed ogre
 11108 | D:9      | Reached skill level 5 in Earth Magic
 11108 | D:9      | Reached XP level 10. HP: 50/69 MP: 4/19
 11263 | D:9      | Reached ** piety under Vehumet
 11269 | D:9      | Offered knowledge of Freeze by Vehumet.
 12151 | D:8      | Killed a two-headed ogre
 12202 | D:10     | Entered Level 10 of the Dungeon
 12992 | D:10     | Noticed a two-headed ogre
 13016 | D:10     | Killed a two-headed ogre
 13017 | D:10     | Reached XP level 11. HP: 25/74 MP: 12/21
 13288 | D:10     | Found a staircase to the Lair.
 13609 | D:10     | Found Toryggeg's Armour Emporium.
 13627 | D:10     | Noticed a two-headed ogre
 13642 | D:10     | Killed a two-headed ogre
 13643 | D:10     | Reached skill level 10 in Fire Magic
 14068 | D:6      | Bought a buckler for 148 gold pieces
 14209 | Lair:1   | Entered Level 1 of the Lair of Beasts
 14427 | Lair:1   | Reached skill level 1 in Shields
 14860 | Lair:1   | Offered knowledge of Ignite Poison by Vehumet.
 15323 | Lair:1   | Reached skill level 10 in Conjurations
 15328 | Lair:1   | Reached *** piety under Vehumet
 16516 | D:6      | Bought a cloak for 148 gold pieces
 17199 | Lair:2   | Identified a scroll of acquirement
 17200 | Lair:2   | Acquired a staff of conjuration
 17387 | Lair:3   | Identified the +0 robe "Fucviamu" {Int+6}
 17497 | Lair:3   | Reached XP level 12. HP: 81/81 MP: 24/24
 17636 | Lair:3   | Offered knowledge of Stone Arrow by Vehumet.
 17649 | Lair:3   | Learned a level 3 spell: Stone Arrow
 17882 | Lair:3   | Reached skill level 10 in Earth Magic
 18320 | Lair:3   | Found a staircase to the Snake Pit.
 19068 | Lair:4   | Reached skill level 11 in Fire Magic
 19260 | Lair:4   | Reached **** piety under Vehumet
 19263 | Lair:4   | Reached skill level 1 in Fighting
 19362 | Lair:4   | Offered knowledge of Lee's Rapid Deconstruction by Vehumet.
 19387 | Lair:4   | Learned a level 5 spell: Lee's Rapid Deconstruction
 19425 | Lair:4   | Noticed a dire elephant
 19717 | Lair:4   | Killed a dire elephant
 20422 | Lair:4   | Reached XP level 13. HP: 60/94 MP: 26/26
 21079 | Lair:4   | You fall into a shaft and drop 2 floors!
 21079 | Lair:6   | Entered Level 6 of the Lair of Beasts
 21885 | Lair:4   | Reached ***** piety under Vehumet
 22128 | Lair:4   | Found a staircase to the Swamp.
 22972 | Lair:5   | Found a runed translucent door.
 22972 | Lair:5   | Found a viscous altar of Jiyva.
 22972 | Lair:5   | Found a staircase to the Slime Pits.
 22972 | Lair:5   | Noticed an azure jelly
 23104 | Lair:5   | Offered knowledge of Hailstorm by Vehumet.
 23270 | Lair:5   | Reached skill level 5 in Fighting
 23785 | Orc:1    | Entered Level 1 of the Orcish Mines
 23965 | Orc:2    | Entered Level 2 of the Orcish Mines
 24187 | Orc:2    | Found Moabufad's Jewellery Emporium.
 24638 | Orc:2    | Noticed an ettin
 24760 | Orc:2    | HP: 3/100 [ettin (18)]
 25275 | D:11     | Found Vubbil's Magic Scroll Boutique.
 25284 | D:11     | Bought 2 scrolls of teleportation for 60 gold pieces
 25284 | D:11     | Bought a scroll of teleportation for 30 gold pieces
 25284 | D:11     | Bought a scroll of magic mapping for 35 gold pieces
 25304 | D:11     | Found a frozen archway.
 25408 | IceCv    | Entered an ice cave
 25420 | IceCv    | Reached skill level 12 in Fire Magic
 25755 | D:11     | Reached skill level 5 in Dodging
 26675 | D:12     | Reached skill level 10 in Spellcasting
 27065 | D:12     | Mangled by a boulder beetle

Illustrated notes

Levels and vault maps discovered:
D:1:      dpeg_arrival_pond, layout_basic, minivault_23
D:2:      layout_basic, hellmonk_ecumenical_altar_run_dry, serial_shops, shop
D:3:      layout_basic, uniq_ijyb
D:4:      layout_basic, amcnicky_altar_gilded, uniq_grinder, uniq_edmund
D:5:      wander_river, layout_loops_ring, minmay_temple_entry_sparse_star
D:6:      layout_rooms, serial_shops, shop
D:7:      layout_cave_pools, minmay_stone_trees_medium
D:8:      layout_loops_cross, st_stairs_6, minmay_lizard_king
D:9:      layout_loops_corners, orc_0_dummy, special_room [special_room_kobold],
          serial_rivers, chequers_serial_rivers_large_b,
          chequers_serial_rivers_micro_c, chequers_serial_rivers_small_a,
          chequers_serial_rivers_micro_a, chequers_serial_rivers_small_b,
          grunt_ministairs_2
D:10:     layout_basic, due_lair_maze_entry_diamond, serial_shops,
          nicolae_shop_behind_doors
D:11:     layout_roguey, serial_shops, shop,
          portal_ice_cave_entry_ice_simulacra, nrook_guardian_serpent_ordinary,
          uniq_josephine
D:12:     layout_irregular_city
Temple:   nicolae_temple_the_god_donut
Lair:1:   wad_woods_tower, layout_cave_pods, st_stairs_12
Lair:2:   layout_chaotic_city
Lair:3:   layout_cellular_growth, minmay_snake_entry_guardpost_medium,
          minivault_27
Lair:4:   mu_elephants_graveyard, layout_loops_ring, minmay_swamp_entry_worms
Lair:5:   layout_cave_pods, slime_altar_2
Lair:6:   minmay_lair_end_enchanted_forest, layout_small_grid, minivault_24,
          grunt_megastairs_4
Orc:1:    nicolae_orc_accident_2, layout_caves, basic_altar, minmay_orc_treasury
Orc:2:    st_orc_town, layout_diamond_mine, serial_shops,
          nicolae_shop_statue_plus

Skill      XL: |  1  2  3  4  5  6  7  8  9 10 11 12 13 |
---------------+----------------------------------------+-----
Conjurations   | 2 3 4 5 7 8 9 10 11 | 11.7
Fire Magic     | 4 5 6 8 9 10 11 12 | 12.1
Spellcasting   | 3 4 5 6 7 8 9 10 | 10.0
Earth Magic    | 5 7 9 10 11 | 11.6
Shields        | 4 |  4.6
Dodging        | 3 5 |  5.2
Fighting       | 3 5 |  5.8
Stealth        | |  1.7

Action                   |  1- 3 |  4- 6 |  7- 9 | 10-12 | 13-15 || total
-------------------------+-------+-------+-------+-------+-------++-------
Melee: Short sword       |     9 |    15 |    31 |       |       ||    55
       Tailslap          |     1 |     3 |     2 |     7 |     2 ||    15
       Morningstar       |       |       |    10 |    26 |       ||    36
       Staff             |       |       |       |     4 |     5 ||     9
 Cast: Foxfire           |    75 |   111 |   216 |    13 |       ||   415
       Sticky Flame      |       |       |    18 |   121 |    68 ||   207
       Fireball          |       |       |     6 |    25 |    34 ||    65
       Sandblast         |       |       |       |    12 |     7 ||    19
       Stone Arrow       |       |       |       |     9 |    29 ||    38
       Lee's Rapid Decon |       |       |       |     1 |    29 ||    30
 Abil: Breathe Acid      |       |       |     2 |    13 |       ||    15
  Use: Scroll            |       |       |    17 |     6 |     7 ||    30
       Potion            |       |       |       |     1 |     1 ||     2
 Stab: Sleeping          |     1 |       |       |       |       ||     1
Armor: Skin              |     9 |     7 |    27 |    90 |    53 ||   186
Dodge: Dodged            |    19 |    16 |    53 |   143 |    80 ||   311
Block: Buckler           |       |       |       |    32 |    56 ||    88

Table legend: (Time is in decaauts)
 A = Elapsed time spent in this place.
 B = Non-inter-level travel time spent in this place.
 C = Inter-level travel time spent in this place.
 D = Time resting spent in this place.
 E = Time spent auto-exploring this place.
 F = Levels seen in this place.
 G = Mean time per level.
                   A        B        C        D        E       F      G
               +--------+--------+--------+--------+--------+-----+--------+
         Total |  27207 |  25371 |   1836 |   6509 |  14251 |  22 | 1236.7 |
       Dungeon |  16478 |  14982 |   1496 |   3016 |   9272 |  12 | 1373.2 |
        Temple |    275 |    267 |      8 |      0 |    232 |   1 |  275.0 |
          Lair |   9144 |   8836 |    308 |   2750 |   4446 |   6 | 1524.0 |
  Orcish Mines |    985 |    962 |     23 |    542 |    301 |   2 |  492.5 |
      Ice Cave |    323 |    323 |      0 |    201 |      0 |   1 |  323.0 |
               +--------+--------+--------+--------+--------+-----+--------+

Top non-repeatable levels by time:
  Lair:4: 2262 daAuts
    D:10: 2171 daAuts
  Lair:3: 2147 daAuts
  Lair:1: 2077 daAuts
     D:9: 2063 daAuts
     D:3: 1800 daAuts
     D:2: 1422 daAuts
     D:8: 1408 daAuts
     D:7: 1372 daAuts
     D:1: 1270 daAuts
     D:5: 1242 daAuts
  Lair:5: 1235 daAuts
     D:6: 1117 daAuts
     D:4: 1036 daAuts
  Lair:2: 1010 daAuts
